[Event "29th Bosnjaci Open 2025"]
[Site "Bosnjaci"]
[Date "2025.01.03"]
[Round "1.1"]
[White "Medvesek, Janez"]
[Black "Saric, Ante"]
[Result "0-1"]
[ECO "D35"]
[WhiteElo "1940"]
[BlackElo "2483"]
[Annotator "TA"]
[PlyCount "52"]
[EventDate "2025.01.04"]
[EventType "swiss"]
[EventCountry "CRO"]
[SourceTitle "playchess.com"]
[Source "ChessBase"]
[SourceQuality "1"]
[TimeControl "5400+30"]

1. d4 Nf6 2. c4 e6 3. Nf3 d5 4. cxd5 exd5 5. Nc3 c6 6. Qc2 g6 7. e4 ({White should try} 7. Bg5 $11) 7... dxe4 $15 8. Nxe4 Qe7 9. Nfd2 {[%emt 0:01:32] Black is slightly better.} Bg7 {[%emt 0:02:21] White must now prevent ...0-0.} 10. Bc4 Bf5 11. f3 ({Better is} 11. O-O $1 $15) 11... O-O 12. O-O Nxe4 (12... Nbd7 $142 13. Kh1 Nb6) 13. fxe4 Bxd4+ 14. Kh1 Be6 15. Bd3 Nd7 16. Nf3 Bg7 17. Bf4 Rad8 18. Ng5 Ne5 19. Nxe6 Qxe6 20. Bxe5 (20. Be2 $17) 20... Qxe5 21. Rab1 {[%emt 0:06:13] White is weak on the dark squares} Rd4 $36 {[%emt 0:01:08][%mdl 2048] Keeping White busy. Black is more active.} 22. Rf3 Qe6 23. b3 b5 24. Rd1 Rfd8 {[%emt 0:00:54][%cal Oe6e4] Threatens to win with ...Qxe4!} 25. Be2 (25. Rff1 {is a better defense.}) 25... Rxd1+ $19 (25... Qxe4 $2 {is the wrong capture.} 26. Qxe4 Rxd1+ 27. Rf1 $18) 26. Bxd1 {[%emt 0:00:07] [#]} Qxe4 $3 {[%emt 0:00:33][%mdl 512] Weighted Error Value: White=0.28 (precise) /Black=0.11 (very precise) .  Mistake:       	White=3     	Black=1      Inaccurate:     	White=3     	---        OK:         	White=4     	Black=5      Best:        	White=2     	Black=2} 0-1

[Event "29th Bosnjaci Open 2025"]
[Site "Bosnjaci"]
[Date "2025.01.03"]
[Round "1.2"]
[White "Culum, Sanjin"]
[Black "Grubisic, Ivica"]
[Result "1-0"]
[ECO "D78"]
[WhiteElo "2446"]
[BlackElo "1933"]
[Annotator "TA"]
[PlyCount "49"]
[EventDate "2025.01.04"]
[EventType "swiss"]
[EventCountry "CRO"]
[SourceTitle "playchess.com"]
[Source "ChessBase"]
[SourceQuality "1"]
[TimeControl "5400+30"]

1. d4 d5 2. Nf3 Nf6 3. c4 e6 4. g3 g6 5. Bg2 Bg7 6. O-O O-O 7. Nc3 c6 8. Bf4 Nbd7 9. c5 Re8 10. b4 {[%emt 0:08:40] White is slightly better.} Nh5 11. Bg5 Qc7 (11... f6 $11 {remains equal.} 12. Bd2 a5) 12. e4 $16 b6 13. e5 f6 14. exf6 Bxf6 15. Re1 bxc5 16. bxc5 Bg7 17. Qd2 Qa5 (17... Ba6 $16 {was necessary.} 18. Rad1 Bf6) 18. g4 Nhf6 {[%emt 0:00:32] [#]} 19. Nxd5 $1 Qxd2 20. Nxf6+ Nxf6 21. Nxd2 Nd5 22. Nf3 Ba6 23. Ne5 Rac8 {[%emt 0:00:38] [#]} (23... Bxe5 $16 24. Rxe5 Bc4) 24. Nxc6 $1 $18 Rxc6 (24... Kf8 {was worth a try.}) 25. Bxd5 {[%emt 0:00:19] Weighted Error Value: White=0.08 (flawless) /Black=0.46.  Loses game:     	---       	Black=1      Mistake:       	---       	Black=3      Inaccurate:     	White=1     	Black=2      OK:         	White=4     	Black=5      Best:        	White=3     	Black=1      Strong:       	White=1     	---} 1-0

[Event "29th Bosnjaci Open 2025"]
[Site "Bosnjaci"]
[Date "2025.01.03"]
[Round "1.3"]
[White "Matanovic, Zlatko"]
[Black "Pap, Misa"]
[Result "0-1"]
[ECO "E12"]
[WhiteElo "1931"]
[BlackElo "2436"]
[Annotator "TA"]
[PlyCount "90"]
[EventDate "2025.01.04"]
[EventType "swiss"]
[EventCountry "CRO"]
[SourceTitle "playchess.com"]
[Source "ChessBase"]
[SourceQuality "1"]
[TimeControl "5400+30"]

1. d4 Nf6 2. Nf3 b6 3. c4 e6 4. Nc3 Bb7 5. a3 Be7 6. e3 O-O 7. Bd3 d5 8. O-O Nbd7 9. cxd5 exd5 10. Bd2 c5 11. Rc1 Re8 12. Ne2 ({White should try} 12. Ne5 $1 $11) 12... Ne4 13. Ng3 a6 14. Nf5 Bf8 15. Bc3 (15. dxc5 $15 bxc5 16. Ng3) 15... Nxc3 $17 16. Rxc3 c4 17. Bb1 b5 18. h4 g6 19. Ng3 a5 20. Ng5 b4 21. axb4 axb4 22. Rc2 Bh6 23. Nf3 Qc7 24. h5 {[%emt 0:02:10] [#]} (24. Ne2 $17) 24... Bxe3 $1 $19 25. hxg6 (25. fxe3 Qxg3) 25... fxg6 ({Worse is} 25... Qxg3 26. gxf7+ Kxf7 27. fxe3 $16) 26. Re2 Bf4 27. Rfe1 Rxe2 28. Qxe2 {[%emt 0:00:12] Hoping for Qe6+.} Qd6 29. Nf1 Rf8 30. g3 Bh6 31. N1h2 Nf6 {[%emt 0:03:02] Black is more active.} 32. Ne5 Qb6 33. Nhg4 Nxg4 34. Nd7 $2 (34. Nxg4 $17 Bg7 35. Qd2) 34... Qxd4 35. Nxf8 Bxf8 36. Qf3 $2 {[%emt 0:05:29] Dodges Nf6} (36. Rd1 Qxf2+ 37. Qxf2 Nxf2 38. Kxf2) 36... Nf6 37. Qe2 Bc8 38. Kg2 b3 39. f3 Qb6 40. Qe5 Bb4 41. Bxg6 Bxe1 42. Bxh7+ Kxh7 43. Qxe1 Qd4 44. Qe7+ Kg6 45. g4 {[%emt 0:00:29] [#]} Bxg4 $1 0-1

[Event "29th Bosnjaci Open 2025"]
[Site "Bosnjaci"]
[Date "2025.01.03"]
[Round "1.4"]
[White "Zaja, Ivan"]
[Black "Slobodjanac, Sinisa"]
[Result "1-0"]
[ECO "D85"]
[WhiteElo "2418"]
[BlackElo "1930"]
[Annotator "TA"]
[PlyCount "91"]
[EventDate "2025.01.04"]
[EventType "swiss"]
[EventCountry "CRO"]
[SourceTitle "playchess.com"]
[Source "ChessBase"]
[SourceQuality "1"]
[TimeControl "5400+30"]

1. d4 Nf6 2. c4 g6 3. Nc3 d5 4. cxd5 Nxd5 5. Bd2 Bg7 6. e4 Nxc3 7. Bxc3 O-O 8. Qd2 c5 9. d5 Nd7 10. Bxg7 Kxg7 {[%emt 0:00:06] White is slightly better.} 11. Ne2 b5 12. Nf4 b4 {[%emt 0:02:03] Wards off Qc3+} (12... Qb6 $11) 13. h4 {[%emt 0:01:10][%cal Bh2h4,Bh4h5][%mdl 32] White is more active.} Qc7 14. h5 g5 15. Nd3 h6 16. Rc1 a5 17. f4 (17. Qe3 $14) 17... Ba6 18. fxg5 {[%emt 0:04:29] next Qe3 is good for White.} (18. g3 {simplifies} Kh7 19. Bh3 e6 20. Qe3) 18... Qg3+ (18... Bxd3 $1 $11 19. gxh6+ (19. Bxd3 Qg3+ 20. Kd1 hxg5 $11) (19. Qxd3 Qf4 $11) 19... Kh8 20. Bxd3 (20. Qxd3 Qf4 $11) 20... Rg8) 19. Nf2 ({Better is} 19. Qf2 $1 $16 Qxf2+ (19... Qxg5 20. Rh3 $16) 20. Kxf2) 19... Qxg5 $11 20. Qxg5+ hxg5 21. Bxa6 Rxa6 22. Nd3 Rc8 23. Rc4 (23. b3 $11) 23... Rd6 (23... e6 $1 $17 {...exd5 is the strong threat.} 24. h6+ Kh8) 24. Ke2 e6 25. dxe6 Rxd3 26. exd7 (26. h6+ Kh7 27. exd7 (27. Kxd3 $2 Ne5+ 28. Ke2 Nxc4 $19) 27... Rxd7 $15) 26... Rxd7 {[%emt 0:00:07][%mdl 4096] Endgame. KRR-KRR} 27. Rhc1 Re8 28. g4 Re5 {[%emt 0:02:58] [#]} (28... Re6 $11 {keeps the balance.}) 29. Rf1 (29. Ke3 $1 $16) 29... Rde7 30. Kd3 Rd7+ 31. Ke3 Rde7 32. Rf2 Rd7 (32... R7e6 $11 {remains equal.}) 33. Rf5 (33. Rd2 $16 Rxd2 34. Kxd2) 33... Rde7 {[%emt 0:00:49] [#]} (33... Rxf5 $14 34. gxf5 Rc7) 34. Rxe5 $1 $18 Rxe5 {[%emt 0:00:37] KR-KR} 35. Rc1 ({White should play} 35. b3 $18) 35... a4 $16 36. a3 Kf8 37. Rc4 bxa3 (37... Kg7 $16) 38. bxa3 $18 Ke7 $2 (38... Re6 39. Rxc5 Rb6 40. Rxg5 Rb3+ 41. Kf4 Rxa3) 39. Rxa4 {[%emt 0:00:10] And now h6 would win.} Re6 40. Ra7+ Kf6 41. a4 Rc6 42. a5 c4 43. Rb7 $2 ({But not} 43. Kd4 $2 c3 44. Kd5 c2 45. Kxc6 (45. e5+ $2 Kg7 $19) 45... c1=Q+ (45... c1=B $2 {perishes.} 46. a6 $18) 46. Kd7 Qc4 $19) (43. Kd2 $18 {and White stays clearly on top.}) 43... Kg7 $2 (43... Rc5 $16) 44. Kd2 {[%emt 0:01:52] White is clearly winning.} c3+ 45. Kc2 Rc4 46. a6 {[%emt 0:02:00] Weighted Error Value: White=0.30/Black=0.58.  Mistake:       	White=6     	Black=8      Inaccurate:     	White=6     	Black=3      OK:         	White=12    	Black=8      Best:        	White=3     	Black=1      Strong:       	White=1     	---} 1-0

[Event "29th Bosnjaci Open 2025"]
[Site "Bosnjaci"]
[Date "2025.01.03"]
[Round "1.5"]
[White "Pirvulescu, Adrian"]
[Black "Fercec, Nenad"]
[Result "0-1"]
[ECO "B80"]
[WhiteElo "1919"]
[BlackElo "2382"]
[Annotator "TA"]
[PlyCount "78"]
[EventDate "2025.01.04"]
[EventType "swiss"]
[EventCountry "CRO"]
[SourceTitle "playchess.com"]
[Source "ChessBase"]
[SourceQuality "1"]
[TimeControl "5400+30"]

1. e4 c5 2. Nf3 d6 3. d4 cxd4 4. Nxd4 Nf6 5. Nc3 a6 6. Be3 e6 7. a3 b5 8. g4 Bb7 9. Bg2 {[%emt 0:00:07] White has an edge.} h5 10. g5 Ng4 11. h4 (11. g6 $14 {keeps the upper hand.}) 11... Nxe3 $17 12. fxe3 g6 13. O-O Bg7 {[%emt 0:01:38] Inhibits e5.} 14. Qd2 (14. e5 $142 Bxg2 (14... dxe5 $2 15. Nxe6 Qxd1 16. Nxg7+ Kf8 17. Ne6+ Ke7 18. Rfxd1 $18) 15. Kxg2) 14... Nd7 15. Rad1 Ne5 16. Nf5 $2 gxf5 $19 (16... exf5 17. exf5 Bxg2 18. Qxg2 $19) 17. exf5 Bxg2 18. Qxg2 exf5 {[%emt 0:01:42] Hoping for ...Rc8.} 19. Rxd6 Qxd6 20. Qxa8+ Qd8 21. Qxa6 (21. Qxd8+ {was the crucial defense.} Kxd8 22. Rxf5) 21... O-O 22. Qxb5 Ng4 {[%emt 0:00:10] [#] Strongly threatening ...Bxc3.} 23. Nd5 Qd6 24. Rxf5 Qg3+ 25. Kf1 Nxe3+ (25... Rd8 $142 {[%cal Od8d5] ( -> ...Rxd5!)} 26. Ke2 Qg2+ (26... Qxh4 $2 27. Qa5 $19) 27. Kd3 Ne5+ 28. Rxe5 Bxe5 (28... Qf1+ $2 29. Ke4 $19)) 26. Nxe3 Qxe3 27. Qb3 $2 (27. Qd3 Qe7 (27... Qxd3+ $2 28. cxd3 Rd8 29. a4 $19) 28. Rf2) 27... Qe4 28. Qd5 Qxc2 {[%emt 0:02:13][%cal Og7d4] ...Bd4! would now be deadly.} 29. Rf2 Qg6 30. b4 Re8 31. b5 Re5 32. Qa8+ (32. Qc4) 32... Kh7 $2 (32... Bf8 {Threatens to win with ...Qd3+.} 33. Kg2 Qe6 (33... Rxb5 $2 34. Qf3 $19)) 33. a4 $2 {[%emt 0:00:29] [#]} (33. Qf3 $19) 33... Qe6 (33... Qd3+ $142 34. Kg2 Re4 35. Qxe4+ Qxe4+ 36. Kf1 Qxa4 37. b6 Qd1+ (37... Qxh4 $2 38. g6+ Kxg6 39. Rc2 $19) 38. Kg2 Qg4+ 39. Kf1 Qxh4 40. Ke2 Qxg5 41. Rf3 Qb5+ (41... Qg2+ 42. Rf2 $19) 42. Ke1 Qxb6 43. Rd3 Qc6 44. Re3 Bc3+ 45. Kd1 Qd5+ 46. Ke2 Qg2+ 47. Kd3 Qd2+ 48. Ke4 Qd4+ 49. Kf3 Qg4+ 50. Kf2 Bd4 51. Ke1 Bxe3 (51... Qg1+ {leads to mate.} 52. Kd2 Qxe3+ 53. Kc2 Qc3+ 54. Kd1 Qd3+ 55. Kc1 Qe2 56. Kb1 Qb2#) 52. Kf1 Qf3+ 53. Ke1 Qf2+ 54. Kd1 Qd2#) 34. Qf3 Qc4+ 35. Kg2 $2 (35. Re2) 35... Qxh4 ({And not} 35... Qxa4 36. Qxh5+ Kg8 37. Qxf7+ Kh8 38. Qh5+ Kg8 39. Qf7+ Kh7 40. Qh5+ Kg8 41. Qf7+ $11) 36. Qxf7 Rxg5+ {[%emt 0:00:12] Black mates.} 37. Kf1 Qxa4 38. Qf3 Qxb5+ ({Not} 38... Rxb5 39. Qd3+ Kh6 40. Qd6+ Kh7 41. Qd3+ Kh6 42. Qd6+ Kh7 43. Qd3+ $11) 39. Qe2 Qb1+ {[%emt 0:00:05] White did not feel at home in the position after the opening.   Weighted Error Value: White=1.22/Black=0.95.  Loses game:     	White=1     	---        Mistake:       	White=6     	Black=1      Inaccurate:     	White=1     	Black=1      OK:         	White=6     	Black=9      Best:        	White=4     	Black=3} 0-1

[Event "29th Bosnjaci Open 2025"]
[Site "Bosnjaci"]
[Date "2025.01.03"]
[Round "1.6"]
[White "Kovacevic, Blazimir"]
[Black "Neferanovic, Ivan"]
[Result "1-0"]
[ECO "A36"]
[WhiteElo "2379"]
[BlackElo "1917"]
[Annotator "TA"]
[PlyCount "41"]
[EventDate "2025.01.04"]
[EventType "swiss"]
[EventCountry "CRO"]
[SourceTitle "playchess.com"]
[Source "ChessBase"]
[SourceQuality "1"]
[TimeControl "5400+30"]

1. c4 Nf6 2. Nc3 g6 3. g3 Bg7 4. Bg2 O-O 5. e4 d6 6. Nge2 c5 7. O-O Nc6 8. d3 a6 9. a4 e6 10. h3 Ne7 11. Be3 Qc7 12. Rb1 Rd8 13. b4 cxb4 14. Rxb4 Qa5 15. Rb1 Nd7 {[%emt 0:04:23] Prevents Bb6} 16. Qc2 Rb8 17. Rfc1 {[%emt 0:02:10] White is more active.} Nc6 18. f4 Nb4 ({Black should try} 18... e5 $14) 19. Qd2 $16 Nc5 {[%emt 0:01:01] [#]} (19... Nc6 $16) 20. d4 $1 $18 {[%emt 0:03:06] Strongly threatening Na2.} Nxa4 $2 (20... b5) 21. Nxa4 1-0

[Event "29th Bosnjaci Open 2025"]
[Site "Bosnjaci"]
[Date "2025.01.03"]
[Round "1.7"]
[White "Milanovic, Josip"]
[Black "Muratovic, Efim"]
[Result "0-1"]
[ECO "E12"]
[WhiteElo "1917"]
[BlackElo "2322"]
[Annotator "TA"]
[PlyCount "142"]
[EventDate "2025.01.04"]
[EventType "swiss"]
[EventCountry "CRO"]
[SourceTitle "playchess.com"]
[Source "ChessBase"]
[SourceQuality "1"]
[TimeControl "5400+30"]

1. d4 Nf6 2. Nf3 b6 3. c4 e6 4. Nc3 Bb7 5. Qc2 Be7 6. e4 d6 7. Be2 O-O 8. O-O Nc6 9. h3 (9. Rd1 $16) 9... Nd7 (9... e5 $14) 10. Be3 e5 11. d5 Nb4 12. Qa4 a5 13. a3 Na6 14. Qc2 Ndc5 (14... Bc8) 15. Nd2 (15. Rab1 $1 $16) 15... Bc8 16. f4 exf4 17. Bxf4 Bf6 18. Kh1 Re8 19. Bf3 Bd7 20. b3 Bd4 21. Rab1 Qh4 22. Ne2 Bf6 23. Bg3 Qg5 24. Bf4 Qg6 (24... Qh4 $1 $11) 25. Ng3 $1 $16 h6 (25... Re5 $16) 26. Bh5 $18 Qh7 27. Rbe1 $2 (27. Be3 $1 $16) 27... Re7 (27... g6 $11) 28. Be3 (28. Nf5 $14 Bxf5 29. exf5) 28... Bh4 $11 29. Rf3 (29. Bf2 $11) 29... Rae8 (29... g6 $17) 30. Ref1 g6 31. Bg4 (31. Qc3 $11) 31... Qg7 (31... Bxg4 $15 32. hxg4 Bxg3 33. Rxg3 Nxe4) 32. Bxd7 Nxd7 33. Bf2 Bg5 34. Be3 (34. h4 $11 Bf6 (34... Bxh4 35. Nf5 $16) 35. c5) 34... Bh4 (34... Ne5 $5 35. Bxg5 hxg5 $15) 35. Bf2 {[%emt 0:00:28][%cal Og3f5] and Nf5! would now be decisive} Bf6 {[%emt 0:02:18] [#]} (35... Bxg3 $15 36. Rxg3 Nac5) 36. Rxf6 Qxf6 37. Bxb6 $1 Qg5 (37... Qe5 $5 38. Bf2 $8 h5 $15) 38. Bf2 Nac5 (38... h5 $15) 39. b4 $1 $14 axb4 40. axb4 Na6 41. Nf3 {[%emt 0:00:25][%mdl 1024] White has strong compensation.} Qf4 $1 (41... Nxb4 $2 42. Qb1 Qf4 43. Qxb4 $18) 42. Qa4 (42. Qc3 $14) 42... Nab8 $1 $11 43. Qa5 (43. Qc2 $11) 43... Ne5 $17 44. Ne2 $2 (44. Qa3 $17) 44... Qxe4 $19 45. Ned4 Nxc4 46. Qb5 Nb6 $2 (46... Qd3 $19 47. Rc1 Nb2 48. Rxc7 Qxb5 49. Nxb5 Rxc7 50. Nxc7 Re2) 47. Re1 $11 Qxd5 48. Qxe8+ Rxe8 49. Rxe8+ Kg7 50. Rxb8 Qa2 51. Bg3 (51. Be1 $11 {keeps the balance.}) 51... Nd5 $1 $17 52. b5 Ne3 53. Ne1 Nf1 54. Bf4 Qa7 $1 $36 {[%emt 0:01:39][%csl LRb8,LRd4][%mdl 2048] Black has strong initiative.} 55. Nc6 {[%emt 0:00:34] [#]} Qa1 $1 {[%emt 0:00:21] The board is on fire.} 56. Re8 {[%emt 0:00:47] [#]} (56. Nd3 $17 {was necessary.}) 56... g5 $2 ({Better is} 56... Qa4 $1 $19 57. Nd3 Qxb5) 57. Bh2 $11 Qa4 58. Bg1 Ng3+ (58... Qxb5 $5 59. Bd4+ $8 f6 60. Re7+ Kf8 61. Rxc7 Ng3+ 62. Kh2 Nf1+ 63. Kh1 $11 (63. Kg1 Ng3 $11)) 59. Kh2 Nf5 {[%emt 0:01:32] Wards off Bd4+} 60. Nd4 $2 Nxd4 $19 61. Re4 {[%emt 0:00:08] [#]} Nf3+ $1 62. gxf3 Qxb5 63. Bd4+ Kg6 {[%emt 0:00:12] and ...c5 would now be decisive} 64. Ng2 c5 65. Be3 d5 66. Re5 Qb8 67. f4 d4 68. Bd2 c4 69. Ne1 c3 70. Bc1 Qb1 71. Ba3 Qa2+ 0-1

[Event "29th Bosnjaci Open 2025"]
[Site "Bosnjaci"]
[Date "2025.01.03"]
[Round "1.8"]
[White "Hadzovic, Amir"]
[Black "Matozan, Zvonko"]
[Result "1-0"]
[ECO "B07"]
[WhiteElo "2316"]
[BlackElo "1907"]
[Annotator "TA"]
[PlyCount "51"]
[EventDate "2025.01.04"]
[EventType "swiss"]
[EventCountry "CRO"]
[SourceTitle "playchess.com"]
[Source "ChessBase"]
[SourceQuality "1"]
[TimeControl "5400+30"]

1. e4 d6 2. Nc3 Nc6 3. f4 g6 4. Nf3 Bg7 5. Bc4 e6 6. O-O Nge7 7. Qe1 O-O 8. d3 {[%emt 0:00:10] Black has an edge.} Na5 9. Bb3 Nxb3 10. axb3 a6 11. Qh4 Nc6 {[%emt 0:00:33] ...Qxh4 is the strong threat.} 12. Qg3 Nb4 13. Qf2 (13. Rf2 $11) 13... c5 ({Better is} 13... b6 $15) 14. e5 b6 15. Ne4 dxe5 ({Black should play} 15... d5 $11 16. Nd6 f6) 16. fxe5 $14 {[%emt 0:00:15] Bg5 would now be deadly.} Nd5 (16... Bb7 $14) 17. Bg5 $36 {[%emt 0:02:36][%mdl 2048] Black is under strong pressure. White is more active.} Qc7 {[%emt 0:00:27] [#]} (17... f6 $16) 18. c4 $2 (18. Qh4 $18) 18... Nb4 $2 (18... f5 $16) 19. Nf6+ $18 Kh8 20. Qh4 {[%emt 0:00:19][%csl Gf6][%cal Rh4h7] White mates.} h5 {[%emt 0:00:58] [#]} 21. Nxh5 $1 gxh5 22. Qxh5+ Kg8 23. Bf6 Bxf6 24. Ng5 Bxg5 25. Qxg5+ Kh8 26. Rf6 {[%emt 0:00:13] Weighted Error Value: White=0.24 (precise) /Black=0.54.  Loses game:     	---       	Black=1      Missed win:     	White=1     	---        Mistake:       	White=1     	Black=4      Inaccurate:     	White=1     	Black=1      OK:         	White=2     	Black=5      Best:        	White=2     	---} 1-0

[Event "29th Bosnjaci Open 2025"]
[Site "Bosnjaci"]
[Date "2025.01.03"]
[Round "1.9"]
[White "Bobanac, Miro"]
[Black "Scevic, Antun"]
[Result "1-0"]
[ECO "A15"]
[WhiteElo "2157"]
[BlackElo "1837"]
[Annotator "RC"]
[PlyCount "63"]
[EventDate "2025.01.04"]
[EventType "swiss"]
[EventCountry "CRO"]
[SourceTitle "playchess.com"]
[Source "ChessBase"]
[SourceQuality "1"]
[TimeControl "5400+30"]

1. Nf3 Nf6 2. c4 b6 3. g3 Bb7 4. Bg2 e6 5. O-O a5 6. Nc3 Be7 7. Qc2 Na6 8. a3 c6 9. e4 O-O 10. e5 Ne8 11. d4 g6 12. Bh6 Ng7 13. Ne4 f5 14. exf6 Bxf6 15. Nxf6+ Qxf6 16. Ne5 Bc8 17. f4 Nf5 18. Bxf8 Qxf8 19. Qf2 Rb8 20. g4 Ng7 21. Rad1 Nc7 22. Qg3 Nce8 23. f5 exf5 24. Nxg6 Qd6 25. Ne5 Nf6 26. gxf5 Ba6 27. Kh1 Rf8 28. Rg1 Qe7 29. Rde1 Nfh5 30. Qg4 Nf6 31. Qg5 Qd8 32. Bd5+ 1-0

[Event "29th Bosnjaci Open 2025"]
[Site "Bosnjaci"]
[Date "2025.01.03"]
[Round "1.10"]
[White "Mucic, Lovro"]
[Black "Zufic, Miroslav"]
[Result "0-1"]
[ECO "A03"]
[WhiteElo "1903"]
[BlackElo "2313"]
[Annotator "RC"]
[PlyCount "62"]
[EventDate "2025.01.04"]
[EventType "swiss"]
[EventCountry "CRO"]
[SourceTitle "playchess.com"]
[Source "ChessBase"]
[SourceQuality "1"]
[TimeControl "5400+30"]

1. f4 d5 2. Nf3 Nc6 3. e3 g6 4. d4 Bg7 5. a3 e6 6. Bd3 Nge7 7. O-O a5 8. b3 Nf5 9. Qe2 Nce7 10. Ne5 f6 11. Nf3 Nd6 12. c4 Ne4 13. Bd2 b6 14. Nc3 Bb7 15. b4 O-O 16. bxa5 Nxd2 17. Nxd2 Rxa5 18. a4 Ra8 19. Nb3 dxc4 20. Bxc4 Nd5 21. Rfc1 Kh8 22. a5 Nxc3 23. Rxc3 e5 24. a6 Be4 25. Bb5 Qd6 26. Qc4 exf4 27. exf4 Bd5 28. Qxc7 Qb4 29. Bd7 Bxb3 30. Kh1 Bd5 31. a7 Bxg2+ 0-1

[Event "29th Bosnjaci Open 2025"]
[Site "Bosnjaci"]
[Date "2025.01.03"]
[Round "1.11"]
[White "Kovac, Petar"]
[Black "Mikic, Ivana"]
[Result "1-0"]
[ECO "E18"]
[WhiteElo "2289"]
[BlackElo "1901"]
[Annotator "TA"]
[PlyCount "65"]
[EventDate "2025.01.04"]
[EventType "swiss"]
[EventCountry "CRO"]
[SourceTitle "playchess.com"]
[Source "ChessBase"]
[SourceQuality "1"]
[TimeControl "5400+30"]

1. d4 Nf6 2. c4 e6 3. Nf3 b6 4. g3 Bb7 5. Bg2 Be7 6. O-O O-O 7. Nc3 d5 8. cxd5 Nxd5 9. Qc2 c5 (9... Nd7 {simplifies} 10. e4 Nxc3 11. bxc3 c5) 10. dxc5 Bxc5 (10... Nxc3 $11 11. bxc3 g6 12. cxb6 axb6) 11. Ng5 $16 g6 {[%emt 0:05:08] White is slightly better.} 12. Rd1 Qc8 (12... Nd7 $14) 13. Nge4 {[%emt 0:05:57] Hoping for Bh6.} Be7 14. Bh6 Rd8 15. Rac1 Na6 (15... Nc6 $16 16. Nxd5 Rxd5 17. Rxd5 exd5) 16. Nxd5 (16. b4 $18 {Nxd5 would now be deadly.} Bf8 17. Bxf8 (17. Nxd5 Qxc2 18. Rxc2 Bxh6 $11) 17... Kxf8 18. Qa4) 16... exd5 17. Qa4 {[%emt 0:11:28] White wants to mate with Qd4.} Qf5 {[%emt 0:06:25] [#]} 18. Qd4 f6 19. Nc3 {[%emt 0:02:42] White is much more active.} Nc7 20. Qf4 Qe5 21. h4 Rac8 (21... Bf8 $16) 22. Qa4 $18 a6 23. Bf4 ({White should play} 23. e4 $18 {Black must now prevent Bf4.} Bf8 24. Bxf8 Kxf8 25. exd5) 23... Qe6 $16 24. Bxc7 Rxc7 {[%emt 0:00:07] [#]} 25. Nxd5 $1 Rxc1 26. Nxe7+ Qxe7 27. Rxc1 Bxg2 (27... Kg7 $16 28. Qf4 Bxg2) 28. Kxg2 $18 Qxe2 $16 {[%emt 0:00:51][%cal Oe2d3] KQR-KQR} 29. Qb3+ Kg7 $2 (29... Kh8 30. Qxb6 Qe4+ 31. Kg1 Qd4) 30. Qxb6 $2 (30. Rc7+ $18 {and the rest is easy.} Kh6 31. Qf7 (31. Qxb6 Qe4+ 32. Kh2 Rd1 $11) 31... Qe4+ 32. Kh2) 30... Qe4+ 31. Kh2 Rd2 (31... Qd4 $16 32. Qxd4 (32. Qxa6 Qxf2+ 33. Kh1 Rd2 34. Rc7+ Kh6) 32... Rxd4) 32. Rc7+ $18 (32. Qxa6 $2 {gets mated.} Rxf2+ 33. Kh3 Qg2+ 34. Kg4 h5#) 32... Kh6 33. Qxf6 {[%emt 0:00:13] Weighted Error Value: White=0.36/Black=0.31.  Loses game:     	---       	Black=1      Missed win:     	White=1     	---        Mistake:       	White=2     	Black=6      OK:         	White=11    	Black=3      Best:        	White=5     	Black=5} 1-0

[Event "29th Bosnjaci Open 2025"]
[Site "Bosnjaci"]
[Date "2025.01.03"]
[Round "1.12"]
[White "Vranjic, Marko"]
[Black "Franc, Borna"]
[Result "0-1"]
[ECO "C88"]
[WhiteElo "1901"]
[BlackElo "2287"]
[Annotator "TA"]
[PlyCount "80"]
[EventDate "2025.01.04"]
[EventType "swiss"]
[EventCountry "CRO"]
[SourceTitle "playchess.com"]
[Source "ChessBase"]
[SourceQuality "1"]
[TimeControl "5400+30"]

1. e4 e5 2. Nf3 Nc6 3. Bb5 a6 4. Ba4 Nf6 5. O-O Be7 6. Re1 b5 7. Bb3 O-O 8. a4 Bb7 9. d3 d6 10. Nc3 Na5 11. Ba2 Qd7 12. Bd2 c5 13. Ne2 b4 14. Ng3 g6 {[%emt 0:01:01][%cal Ob7c6] The position is equal.} 15. h3 Kg7 16. Nh2 Ng8 {[%emt 0:00:44][%cal Ob7c6] Active counter play!} 17. Qg4 Qxg4 18. hxg4 Bc6 19. f3 Rab8 (19... Bxa4 $2 {loses.} 20. Bb1 $18 (20. Bd5 Bxc2 21. Rxa5 Bh4 $18)) 20. Nhf1 Bd8 21. Bb3 ({White should try} 21. Rec1 $11) 21... Bh4 (21... Nxb3 $15 22. cxb3 Bd7) 22. Kh2 (22. Bc4 $11 {keeps the balance.}) 22... Bd7 23. Ne3 Nxb3 24. cxb3 Be6 25. Nc4 Rfd8 26. Kh3 Be7 27. Nf1 (27. Kh2 $15) 27... h5 $17 28. Nfe3 hxg4+ 29. fxg4 Bg5 30. Rad1 (30. Kg3 $17) 30... Nf6 $19 31. Nf5+ $2 {[%emt 0:03:39] [#]} (31. Kg3) 31... gxf5 32. Bxg5 Rh8+ (32... fxg4+ $2 33. Kh2 $19) 33. Kg3 f4+ ({Weaker is} 33... Nxg4 34. exf5 Bxf5 35. Nxd6 $17) (33... fxg4 34. Nxd6 Nh5+ (34... Bxb3 35. Rd2 $15) 35. Kf2 $15) 34. Kf2 (34. Bxf4 $142 exf4+ 35. Kxf4) 34... Nxg4+ {[%emt 0:00:05] Black is clearly winning.} 35. Kf3 Nh2+ 36. Kf2 f6 37. Bxf4 exf4 38. Nxd6 Rhd8 39. Nc4 Bxc4 40. bxc4 Ng4+ {[%emt 0:00:04] Weighted Error Value: White=0.45/Black=0.11 (very precise) .  Mistake:       	White=6     	Black=1      Inaccurate:     	White=1     	---        OK:         	White=10    	Black=14     Best:        	White=2     	Black=1} 0-1